[Event "Early-Titled-Tuesday-Blitz-March-12-2024"]
[Site "Chess.com"]
[Date "2024.03.12"]
[Round "1"]
[White "volodja49"]
[Black "shirovin"]
[Result "1-0"]
[WhiteElo "2595"]
[BlackElo "2069"]
[TimeControl "180+1"]
[EndTime "8:01:32 PDT"]
[Termination "volodja49 won by resignation"]

1. d4 Nf6 2. c4 g6 3. Nc3 d5 4. cxd5 Nxd5 5. e4 Nxc3 6. bxc3 Bg7 7. Be3 c5 8. Qd2 Qa5 9. Rc1 Nd7 10. d5 O-O 11.
Nf3 f5 12. c4 fxe4 13. Qxa5 1-0

[Event "Early-Titled-Tuesday-Blitz-March-12-2024"]
[Site "Chess.com"]
[Date "2024.03.12"]
[Round "1"]
[White "manitodeplomo"]
[Black "InitiatingASC"]
[Result "1-0"]
[WhiteElo "2713"]
[BlackElo "2348"]
[TimeControl "180+1"]
[EndTime "8:01:47 PDT"]
[Termination "manitodeplomo won by resignation"]

1. d4 d5 2. c4 e6 3. Nf3 c5 4. g3 Nc6 5. Bg2 Nf6 6. O-O Be7 7. dxc5 Bxc5 8. a3 O-O 9. b4 Be7 10. Bb2 a6 11. Nbd2 dxc4 12. Nxc4 b5 13. Nfe5 bxc4 14. Nxc6 1-0

[Event "Early-Titled-Tuesday-Blitz-March-12-2024"]
[Site "Chess.com"]
[Date "2024.03.12"]
[Round "1"]
[White "Ginger_GM"]
[Black "FLYD"]
[Result "1-0"]
[WhiteElo "2573"]
[BlackElo "1869"]
[TimeControl "180+1"]
[EndTime "8:01:47 PDT"]
[Termination "Ginger_GM won by resignation"]

1. d4 Nf6 2. Bg5 e6 3. Nf3 h6 4. Bh4 d5 5. Nbd2 g5 6. Bg3 Bd6 7. e3 b6 8. Ne5 Bb7 9. h4 g4 10. Bb5+ c6 11. Bd3 h5 12. O-O Nbd7 13. Nxf7 Ke7 14.
Nxd8 1-0

[Event "Early-Titled-Tuesday-Blitz-March-12-2024"]
[Site "Chess.com"]
[Date "2024.03.12"]
[Round "1"]
[White "Bkmzzzzz"]
[Black "Defend1r"]
[Result "0-1"]
[WhiteElo "2391"]
[BlackElo "2732"]
[TimeControl "180+1"]
[EndTime "8:02:05 PDT"]
[Termination "Defend1r won by resignation"]

1. e4 c5 2. Nf3 d6 3. d4 cxd4 4. Qxd4 a6 5. Be3 Nf6 6. Nc3 Nc6 7. Qb6 Bg4 8. Nd2 Qc8 9. f3 Be6 10. O-O-O Nd7 0-1

[Event "Early-Titled-Tuesday-Blitz-March-12-2024"]
[Site "Chess.com"]
[Date "2024.03.12"]
[Round "1"]
[White "zenitushka"]
[Black "aliba25"]
[Result "1-0"]
[WhiteElo "2271"]
[BlackElo "2633"]
[TimeControl "180+1"]
[EndTime "8:02:41 PDT"]
[Termination "zenitushka won by resignation"]

1. e4 g6 2. d4 Bg7 3. Nc3 d6 4. f4 a6 5. Nf3 b5 6. Bd3 Nd7 7. e5 c5 8. e6 fxe6 9. Ng5 Nb6 10. dxc5 dxc5 11. Nxh7 Bxc3+ 12. bxc3 Kf7 13. Bxg6+ 1-0

[Event "Early-Titled-Tuesday-Blitz-March-12-2024"]
[Site "Chess.com"]
[Date "2024.03.12"]
[Round "1"]
[White "AsaHoffmann"]
[Black "nindjaxx8"]
[Result "0-1"]
[WhiteElo "2338"]
[BlackElo "2712"]
[TimeControl "180+1"]
[EndTime "8:02:50 PDT"]
[Termination "nindjaxx8 won by resignation"]

1. d4 d5 2. Bg5 Nf6 3. Nd2 e6 4. e3 Be7 5. Bd3 O-O 6. f4 b6 7. Ngf3 Bb7 8. O-O Ne4 9. Bxe7 Qxe7 10. Bxe4 dxe4 11. Ne5 Nd7 12. Qg4 Rad8 13. c3 c5 14. Nxd7 Rxd7 15. Nc4 Ba6 16. Ne5 Bxf1 17. Nxd7 Qxd7 18.
Rxf1 Qb5 19. Rf2 Qd3 20. h4 Qxe3 21. f5 exf5 22. Qxf5 cxd4 23. cxd4 Qxd4 24. Kh2 e3 25. Re2 Qxh4+ 26. Kg1 Qe7 27. Qf4 Re8 0-1

[Event "Early-Titled-Tuesday-Blitz-March-12-2024"]
[Site "Chess.com"]
[Date "2024.03.12"]
[Round "1"]
[White "Nitzan_Steinberg"]
[Black "VD_coach"]
[Result "1-0"]
[WhiteElo "2907"]
[BlackElo "2513"]
[TimeControl "180+1"]
[EndTime "8:03:07 PDT"]
[Termination "Nitzan_Steinberg won by resignation"]

1. Nf3 Nf6 2. g3 g6 3. Bg2 Bg7 4. d4 d5 5. c4 c6 6. cxd5 cxd5 7.
Nc3 O-O 8. O-O Nc6 9. Ne5 e6 10. f4 Nd7 11. Be3 Nb6 12. b3 Bd7 13. Rc1 Rc8 14. Bf2 Ne7 15. g4 f6 16. Nd3 Rc7 17. Nc5 Bc8 18. Nb5 1-0

[Event "Early-Titled-Tuesday-Blitz-March-12-2024"]
[Site "Chess.com"]
[Date "2024.03.12"]
[Round "1"]
[White "Zq1"]
[Black "mishanick"]
[Result "0-1"]
[WhiteElo "2567"]
[BlackElo "3104"]
[TimeControl "180+1"]
[EndTime "8:03:20 PDT"]
[Termination "mishanick won by resignation"]

1. d4 Nf6 2. c4 e6 3. Nf3 d5 4.
Nc3 Nbd7 5. cxd5 exd5 6. Bf4 c6 7. e3 Nh5 8. Be5 Nxe5 9. dxe5 g6 10. h3 Be7 11. Be2 O-O 12. Nd4 Ng7 13. f4 Bh4+ 14. Kd2 f6 15. exf6 Bxf6 16. Kc2 Re8 17. Qd2 Qe7 18.
Bg4 Qxe3 19. Qxe3 Rxe3 20. Rad1 Bxg4 21. hxg4 Bxd4 22. Rxd4 Ne6 23. Ra4 a5 24. f5 b5 25.
fxe6 bxa4 26. Nxa4 Rf8 0-1

[Event "Early-Titled-Tuesday-Blitz-March-12-2024"]
[Site "Chess.com"]
[Date "2024.03.12"]
[Round "1"]
[White "ExtremeLearner"]
[Black "Sina_Movahed"]
[Result "0-1"]
[WhiteElo "2564"]
[BlackElo "3071"]
[TimeControl "180+1"]
[EndTime "8:03:28 PDT"]
[Termination "Sina_Movahed won by resignation"]

1. d4 Nf6 2. c4 g6 3. Nc3 Bg7 4. g3 O-O 5. Bg2 d6 6. Nf3 Nbd7 7. O-O e5 8. e4 exd4 9. Nxd4 Re8 10. h3 Nc5 11.
Re1 h6 12. b3 a5 13. Bb2 a4 14.
bxa4 Nfd7 15. Rb1 Ne5 16. Bf1 Bd7 17. Ndb5 Bc6 18. Nd5 Bxb5 19. axb5 Rxa2 20. Bd4 Nf3+ 21. Qxf3 Bxd4 22. Re2 Rxe2 23. Bxe2 Nxe4 24. Ne3 Nd2 25. Qd5 Bxe3 0-1

[Event "Early-Titled-Tuesday-Blitz-March-12-2024"]
[Site "Chess.com"]
[Date "2024.03.12"]
[Round "1"]
[White "FormerProdigy"]
[Black "DIMONBANAN"]
[Result "1-0"]
[WhiteElo "2975"]
[BlackElo "2532"]
[TimeControl "180+1"]
[EndTime "8:03:36 PDT"]
[Termination "FormerProdigy won by resignation"]

1. e4 e5 2. Nf3 Nc6 3. Bb5 Nf6 4. d3 Ne7 5. Nc3 c6 6. Bc4 Ng6 7. h4 h5 8. d4 exd4 9. Qxd4 Qb6 10. Qd3 Bb4 11.
O-O Ng4 12. e5 Ne7 13. Ne4 O-O 14. a3 Bc5 15. b4 Bxb4 16. axb4 1-0

[Event "Early-Titled-Tuesday-Blitz-March-12-2024"]
[Site "Chess.com"]
[Date "2024.03.12"]
[Round "1"]
[White "StankovicIvan"]
[Black "yosephtaher"]
[Result "0-1"]
[WhiteElo "2521"]
[BlackElo "2915"]
[TimeControl "180+1"]
[EndTime "8:03:43 PDT"]
[Termination "yosephtaher won by checkmate"]

1. e4 c5 2. c4 g6 3. Nc3 Bg7 4. g3 Nc6 5. Bg2 e6 6. Nge2 Nge7 7. d3 h5 8. h3 d6 9. Be3 Nd4 10. O-O Nec6 11. Rb1 e5 12. a3 Be6 13. Nd5 Qd7 14. Kh2 f5 15. Nxd4 cxd4 16. Bg5 h4 17.
gxh4 f4 18. b4 Rc8 19. Nf6+ Bxf6 20. Bxf6 Rh5 21. Bg5 Qh7 22. Bf3 Rxg5 23. hxg5 Qxh3+ 24. Kg1 Kf7 25. Re1 Rh8 26. Bg2 Qh4 27. f3 Qh2+ 28. Kf2 Qg3+ 29. Kf1 Rh2 30. Re2 Bh3 31. Qc2 Rh1# 0-1

[Event "Early-Titled-Tuesday-Blitz-March-12-2024"]
[Site "Chess.com"]
[Date "2024.03.12"]
[Round "1"]
[White "electrosaw"]
[Black "dropstoneDP"]
[Result "0-1"]
[WhiteElo "2547"]
[BlackElo "3000"]
[TimeControl "180+1"]
[EndTime "8:03:44 PDT"]
[Termination "dropstoneDP won by resignation"]

1. g3 Nf6 2. Bg2 c5 3. b3 d5 4.
Bb2 Nc6 5. e3 e5 6. Ne2 Be7 7.
d3 O-O 8. Nd2 Re8 9. h3 Be6 10.
a3 Rc8 11. g4 d4 12. O-O Nd5 13. Bxd5 Qxd5 14. e4 Qd7 15. Ng3 Bg5 16. Nf3 Bf4 17. Bc1 g6 18. Ne2 Bxc1 19. Qxc1 Bxg4 20. hxg4 Qxg4+ 21. Ng3 Qxf3 22. Qh6 Nd8 23. Kh2 Qf4 24. Qh3 Ne6 0-1

[Event "Early-Titled-Tuesday-Blitz-March-12-2024"]
[Site "Chess.com"]
[Date "2024.03.12"]
[Round "1"]
[White "Superfelix"]
[Black "KSho99"]
[Result "1-0"]
[WhiteElo "2599"]
[BlackElo "2133"]
[TimeControl "180+1"]
[EndTime "8:04:02 PDT"]
[Termination "Superfelix won by resignation"]

1. e4 e6 2. d4 d5 3. Bd3 dxe4 4.
Bxe4 Nf6 5. Bf3 Bd6 6. Ne2 O-O 7. c4 Nbd7 8. Nbc3 e5 9. O-O exd4 10. Nxd4 Ne5 11.
Be2 c6 12. h3 Qc7 13. Bg5 Nfd7 14. Ndb5 cxb5 15. Nxb5 Qc5 16. Qxd6 a6 17. Qxc5 Nxc5 18.
Nc7 Rb8 19. Bf4 Ned3 20. Be3 b6 21. b3 Bf5 22. Nd5 Rfd8 23. Ne7+ 1-0

[Event "Early-Titled-Tuesday-Blitz-March-12-2024"]
[Site "Chess.com"]
[Date "2024.03.12"]
[Round "1"]
[White "BogdanDeac"]
[Black "santosalberto1987"]
[Result "1-0"]
[WhiteElo "3063"]
[BlackElo "2564"]
[TimeControl "180+1"]
[EndTime "8:04:09 PDT"]
[Termination "BogdanDeac won by resignation"]

1. d4 Nf6 2. Nf3 d6 3. Nc3 Bf5 4. Nh4 Bg4 5. h3 Bh5 6. g4 Bg6 7. Bg2 c6 8. f4 e6 9. O-O Nxg4 10.
Nxg6 hxg6 11. hxg4 Qh4 12. Rf3 Qxg4 13. e4 Nd7 14. Rh3 Qxd1+ 15. Nxd1 Rxh3 16. Bxh3 Nf6 17. Nf2 Be7 18. Bd2 Kd7 19. f5 gxf5 20. exf5 e5 21. dxe5 dxe5 22. Re1 Bd6 23. Bg5 Rh8 24.
Kg2 Rh5 25. Bxf6 gxf6 26. Ne4 Be7 27. Bg4 Rh8 28. Rh1 Rxh1 29. Kxh1 c5 30. c4 Kc6 31. Bh5 b5 32. Bxf7 bxc4 33. Bxc4 1-0

[Event "Early-Titled-Tuesday-Blitz-March-12-2024"]
[Site "Chess.com"]
[Date "2024.03.12"]
[Round "1"]
[White "nekotyanof"]
[Black "remyrushbrooke"]
[Result "1-0"]
[WhiteElo "2649"]
[BlackElo "2251"]
[TimeControl "180+1"]
[EndTime "8:04:26 PDT"]
[Termination "nekotyanof won by checkmate"]

1. e4 e5 2. Nf3 Nf6 3. d4 Nxe4 4.
dxe5 d5 5. exd6 Bxd6 6. Bd3 Nf6 7. O-O O-O 8. Bg5 h6 9. Bh4 b6 10. Nc3 Bb7 11. Ne4 Be7 12. Bxf6 Bxf6 13. c3 Nd7 14. Qc2 Be7 15. Rad1 c5 16. Rfe1 Qc7 17. Ng3 Bf6 18. Be4 Bxe4 19. Qxe4 Rad8 20. Nh5 Qc8 21. Qg4 Rfe8 22.
Rxe8+ Rxe8 23. Rxd7 Kh8 24. Nxf6 gxf6 25. h3 f5 26. Qxf5 Re6 27. Rxf7 Qe8 28. Qh7# 1-0

[Event "Early-Titled-Tuesday-Blitz-March-12-2024"]
[Site "Chess.com"]
[Date "2024.03.12"]
[Round "1"]
[White "Er_is_geen_hoop_meer"]
[Black "BilodeauA"]
[Result "0-1"]
[WhiteElo "2533"]
[BlackElo "2980"]
[TimeControl "180+1"]
[EndTime "8:04:27 PDT"]
[Termination "BilodeauA won by checkmate"]

1. b4 Nf6 2. Bb2 g6 3. g4 Bg7 4. h4 h6 5. Bg2 d6 6. g5 Nh5 7. d4 Bg4 8. Bxb7 Nd7 9. Bxa8 Qxa8 10. f3 Bf5 11. Nd2 d5 12. Kf2 e5 13. dxe5 Nxe5 14. Rb1 Qc6 15. Nh3 Bxc2 16. Qc1 Qb6+ 17. Kg2 Bxb1 18. Nxb1 hxg5 19. hxg5 Nc4 20. Bxg7 Nxg7 21.
Qc3 Ne3+ 22. Kg3 Ngf5+ 23. Kh2 Qd6+ 24. f4 Qxf4+ 25. Kg1 Qg3# 0-1

[Event "Early-Titled-Tuesday-Blitz-March-12-2024"]
[Site "Chess.com"]
[Date "2024.03.12"]
[Round "1"]
[White "jodarmarlon1985"]
[Black "Yeritsyaan"]
[Result "0-1"]
[WhiteElo "2269"]
[BlackElo "2658"]
[TimeControl "180+1"]
[EndTime "8:04:33 PDT"]
[Termination "Yeritsyaan won by resignation"]

1. e4 c5 2. Nf3 d6 3. d4 cxd4 4. Nxd4 Nf6 5. Nc3 g6 6. Bg5 Bg7 7. Bb5+ Nbd7 8. Qe2 O-O 9. O-O-O a6 10. Ba4 Nc5 11. Bb3 Qa5 12. f4 Bg4 13. Nf3 Rac8 14. Kb1 b5 15. Bxf6 Bxf6 16. Nd5 Rfe8 17. h3 Bxf3 18.
gxf3 Bg7 19. h4 e6 20. Ne3 Na4 21. Bxa4 bxa4 22. Nc4 Qb5 23. b3 d5 0-1

[Event "Early-Titled-Tuesday-Blitz-March-12-2024"]
[Site "Chess.com"]
[Date "2024.03.12"]
[Round "1"]
[White "sergoy"]
[Black "crazyluzhinTh3"]
[Result "1-0"]
[WhiteElo "3003"]
[BlackElo "2549"]
[TimeControl "180+1"]
[EndTime "8:04:42 PDT"]
[Termination "sergoy won by resignation"]

1. d4 d6 2. e4 Nf6 3. Nc3 g6 4. f4 Bg7 5. Nf3 O-O 6. Bd3 Nc6 7. O-O e5 8. fxe5 dxe5 9. d5 Nd4 10. Bg5 Bg4 11. Qd2 Bxf3 12. gxf3 Qd6 13. Ne2 Nxe2+ 14. Qxe2 Nh5 15. Kh1 Nf4 16. Bxf4 exf4 17. c3 c6 18. dxc6 bxc6 19. Rad1 Rad8 20. Bc4 Qc5 21. Bb3 Be5 22.
Qc4 Qxc4 23. Bxc4 Kg7 24. Kg2 Kf6 25. a4 a5 26. Kf2 h5 27. Ke2 Ke7 28. Rd2 Rxd2+ 29. Kxd2 Rd8+ 30. Kc2 f6 31. h3 Bc7 32. b4 Bb6 33. bxa5 Bxa5 34. Rb1 Kd6 35. Bf7 Kc5 36. Bxg6 Rg8 37. Bxh5 Rg2+ 38. Kd3 Ra2 39. Bg4 Rxa4 40. h4 Ra3 41. Rc1 Bc7 42. h5 Be5 43. Bf5 Ra8 44. h6 Rh8 45. h7 Rd8+ 46. Kc2 1-0

[Event "Early-Titled-Tuesday-Blitz-March-12-2024"]
[Site "Chess.com"]
[Date "2024.03.12"]
[Round "1"]
[White "kushagramohan"]
[Black "RamonManon0g"]
[Result "1-0"]
[WhiteElo "2778"]
[BlackElo "2420"]
[TimeControl "180+1"]
[EndTime "8:04:53 PDT"]
[Termination "kushagramohan won by checkmate"]

1. e4 c5 2. Nf3 d6 3. d4 cxd4 4. Nxd4 Nf6 5. Nc3 a6 6. Bg5 e6 7. f4 Nbd7 8. Qe2 h6 9. Bh4 Be7 10. Bf2 O-O 11. O-O-O Nc5 12. e5 dxe5 13. Nxe6 Bxe6 14.
Rxd8 Rfxd8 15. fxe5 Ng4 16. h3 Bg5+ 17. Kb1 Nxf2 18.
Qxf2 Ne4 19. Qe1 Nxc3+ 20. bxc3 Bd2 21. Qe4 Bxc3 22. Bd3 g6 23. Qe3 Kh7 24. Bxg6+ Kxg6 25. Qxc3 Rac8 26. Qg3+ Kh7 27. Rf1 Rd2 28. Qe3 Rd5 29. Rf6 Rcd8 30. Rxh6+ Kg7 31. Qg5+ Kf8 32. Rh8# 1-0

[Event "Early-Titled-Tuesday-Blitz-March-12-2024"]
[Site "Chess.com"]
[Date "2024.03.12"]
[Round "1"]
[White "Msb2"]
[Black "KnobbedHornbill"]
[Result "1-0"]
[WhiteElo "3011"]
[BlackElo "2549"]
[TimeControl "180+1"]
[EndTime "8:05:04 PDT"]
[Termination "Msb2 won by resignation"]

1. d4 d5 2. c4 c6 3. Nf3 Nf6 4. Nc3 dxc4 5. e4 b5 6. Qc2 e6 7. Be2 Be7 8. O-O O-O 9. e5 Nd5 10. Ne4 h6 11. b3 cxb3 12. axb3 Bb7 13. Bd2 a5 14. Qc1 f5 15. exf6 Nxf6 16. Nc5 Bc8 17.
Re1 Qd5 18. Bxa5 Na6 19. Nxa6 Rxa6 20. Qc2 Bd6 21. Bd3 Ng4 22. Be4 Qh5 23. h3 Nf6 24. Bg6 Qd5 25. Bc3 Rxa1 26. Rxa1 b4 27. Bd2 c5 28. dxc5 Bxc5 29. Rd1 Rd8 30. Re1 Bb7 31. Re5 Qd6 32. Rxc5 Bxf3 33. gxf3 Qxd2 34. Qxd2 1-0

[Event "Early-Titled-Tuesday-Blitz-March-12-2024"]
[Site "Chess.com"]
[Date "2024.03.12"]
[Round "1"]
[White "LileKoridze"]
[Black "blitzking1729"]
[Result "0-1"]
[WhiteElo "2443"]
[BlackElo "2809"]
[TimeControl "180+1"]
[EndTime "8:05:06 PDT"]
[Termination "blitzking1729 won by resignation"]

1. d4 d6 2. Nf3 g6 3. c4 Bg7 4. Nc3 c5 5. e3 Nc6 6. Be2 Nf6 7.
O-O O-O 8. b3 Bg4 9. Bb2 Nd7 10.
dxc5 Nxc5 11. Nd4 Bxe2 12. Ncxe2 Ne5 13. Nf4 Rc8 14. Qe2 a6 15. Rfd1 e6 16. Rac1 Qb6 17.
Ba3 Rfd8 18. b4 Ne4 19. Nb3 Nc6 20. c5 dxc5 21. bxc5 Qb5 22. Qc2 Nc3 23. Rxd8+ Rxd8 24. Bb2 Nb4 25. Nd4 Nxc2 26. Nxb5 Nxb5 0-1

[Event "Early-Titled-Tuesday-Blitz-March-12-2024"]
[Site "Chess.com"]
[Date "2024.03.12"]
[Round "1"]
[White "PLAYER_2006_M"]
[Black "Ginzburg_Yakov"]
[Result "1-0"]
[WhiteElo "2995"]
[BlackElo "2546"]
[TimeControl "180+1"]
[EndTime "8:05:08 PDT"]
[Termination "PLAYER_2006_M won on time"]

1. e4 c5 2. Nf3 e6 3. c3 d5 4. exd5 exd5 5. d4 Nf6 6. Bd3 Be7 7.
O-O O-O 8. dxc5 Bxc5 9. h3 h6 10. Nbd2 Nc6 11. Nb3 Bb6 12. Re1 Qd6 13. Be3 Bd7 14.
Bxb6 axb6 15. Nbd4 Rfe8 16. a3 Rxe1+ 17. Qxe1 Re8 18.
Qd1 Ne4 19. Nb5 Qe7 20. Nc7 Qc5 21. Bxe4 dxe4 22. Nxe8 Bxe8 23. Nd4 1-0

[Event "Early-Titled-Tuesday-Blitz-March-12-2024"]
[Site "Chess.com"]
[Date "2024.03.12"]
[Round "1"]
[White "ajedrezsinlimites"]
[Black "maciek_92"]
[Result "0-1"]
[WhiteElo "2506"]
[BlackElo "2897"]
[TimeControl "180+1"]
[EndTime "8:05:08 PDT"]
[Termination "maciek_92 won by resignation"]

1. e4 c5 2. Nf3 e6 3. d4 cxd4 4. Nxd4 Nc6 5. Nc3 a6 6. g3 Nxd4 7. Qxd4 Ne7 8. Bg2 b5 9. O-O Bb7 10. a4 Nc6 11. Qd1 b4 12. Ne2 Bc5 13. Kh1 h5 14. h3 h4 15. g4 Qb6 16. f4 Rd8 17. c3 d5 18. e5 d4 19. cxd4 Nxd4 20.
Nxd4 Rxd4 21. Qe2 O-O 22. a5 Bxg2+ 23. Qxg2 Qb5 24. Be3 Rd3 25. Bxc5 Qxc5 26. Rad1 Rg3 27. Qe2 Rxh3+ 28. Kg2 Rg3+ 29. Kh2 Rc8 30. Rd2 Qxa5 31.
Rc2 Rxc2 32. Qxc2 b3 33. Qe2 Qb4 34. Rg1 Qxf4 35. Rxg3 Qxg3+ 36. Kh1 h3 0-1

[Event "Early-Titled-Tuesday-Blitz-March-12-2024"]
[Site "Chess.com"]
[Date "2024.03.12"]
[Round "1"]
[White "PattyCastillo"]
[Black "GameOverBro"]
[Result "1-0"]
[WhiteElo "2083"]
[BlackElo "2578"]
[TimeControl "180+1"]
[EndTime "8:05:16 PDT"]
[Termination "PattyCastillo won on time"]

1. d4 Nf6 2. Nf3 e6 3. e3 c5 4. Bd3 b6 5. b3 Bb7 6. Bb2 Be7 7. O-O d5 8. Nbd2 Nbd7 9. Qe2 O-O 10. Ne5 Nxe5 11. dxe5 Nd7 12. f4 f5 13. c4 Qe8 14.
Rad1 Kh8 15. cxd5 Bxd5 16. e4 fxe4 17. Nxe4 Rd8 18. Nd6 Bxd6 19. exd6 Nf6 20. Be5 Nd7 21. Be4 Bxe4 22. Qxe4 Rf5 23. Rf3 1-0

[Event "Early-Titled-Tuesday-Blitz-March-12-2024"]
[Site "Chess.com"]
[Date "2024.03.12"]
[Round "1"]
[White "semchik73"]
[Black "Fighterman91"]
[Result "0-1"]
[WhiteElo "2417"]
[BlackElo "2769"]
[TimeControl "180+1"]
[EndTime "8:05:18 PDT"]
[Termination "Fighterman91 won by resignation"]

1. Nf3 c5 2. c4 Nc6 3. e3 Nf6 4. d4 cxd4 5. exd4 d5 6. Nc3 Bg4 7. cxd5 Nxd5 8. Bc4 e6 9. O-O Be7 10. Nxd5 exd5 11. Be2 O-O 12. h3 Be6 13. Bf4 Bf6 14. Rc1 Qb6 15. Bd6 Rfc8 16. Bc5 Qxb2 17. Rc2 Qxc2 18. Qxc2 Nxd4 19. Nxd4 Bxd4 20. Rc1 Bxc5 21. Qd2 b6 22. Bf3 Rd8 23. Re1 Rd6 24. Qf4 Rad8 25.
Re5 d4 26. Be4 d3 27. Rh5 d2 28. Bxh7+ Kf8 29. Bc2 d1=Q+ 30. Bxd1 Rxd1+ 31. Kh2 Bd6 32. Rh8+ Ke7 33. Qxd6+ R1xd6 0-1

[Event "Early-Titled-Tuesday-Blitz-March-12-2024"]
[Site "Chess.com"]
[Date "2024.03.12"]
[Round "1"]
[White "DucksParadise"]
[Black "MikeWizard"]
[Result "0-1"]
[WhiteElo "2577"]
[BlackElo "2082"]
[TimeControl "180+1"]
[EndTime "8:05:20 PDT"]
[Termination "MikeWizard won by checkmate"]

1. e4 d6 2. d4 Nf6 3. f3 Nbd7 4. c4 e5 5. d5 a5 6. Nc3 Nc5 7. Be3 g6 8. Qd2 Bg7 9. Nge2 O-O 10. O-O-O b6 11. g4 Bd7 12. Ng3 Na4 13. Nxa4 Bxa4 14. b3 Bd7 15. h4 Qb8 16. h5 b5 17. c5 b4 18. Bh6 a4 19. Bxg7 Kxg7 20. hxg6 fxg6 21.
Qh6+ Kg8 22. g5 axb3 23. gxf6 Rf7 24. axb3 Qa7 25. Bd3 Qxc5+ 26. Kd2 Ra2+ 27. Bc2 Qxc2+ 28. Ke3 Qf2+ 29. Kd3 Bb5# 0-1

[Event "Early-Titled-Tuesday-Blitz-March-12-2024"]
[Site "Chess.com"]
[Date "2024.03.12"]
[Round "1"]
[White "Zheenbekov86"]
[Black "yuriy88"]
[Result "1-0"]
[WhiteElo "2442"]
[BlackElo "2769"]
[TimeControl "180+1"]
[EndTime "8:05:21 PDT"]
[Termination "Zheenbekov86 won on time"]

1. Nf3 Nf6 2. g3 g6 3. Bg2 Bg7 4. O-O O-O 5. d4 d6 6. c4 Nc6 7. Nc3 a6 8. d5 Na5 9. Qd3 c5 10.
e4 b5 11. cxb5 axb5 12. Nxb5 Ba6 13. a4 Qb6 14. e5 Nd7 15. exd6 exd6 16. Bf4 c4 17.
Qc2 1-0

[Event "Early-Titled-Tuesday-Blitz-March-12-2024"]
[Site "Chess.com"]
[Date "2024.03.12"]
[Round "1"]
[White "Sanyura"]
[Black "lilylg"]
[Result "1-0"]
[WhiteElo "2604"]
[BlackElo "2140"]
[TimeControl "180+1"]
[EndTime "8:05:21 PDT"]
[Termination "Sanyura won by resignation"]

1. e4 c6 2. Nf3 d5 3. Nc3 Bg4 4.
h3 Bxf3 5. Qxf3 e6 6. g3 Nf6 7. Bg2 dxe4 8. Nxe4 Nxe4 9. Qxe4 Nd7 10. O-O Nf6 11. Qe2 Bc5 12. c3 O-O 13. d4 Be7 14.
Bf4 c5 15. Rfd1 Qb6 16. dxc5 Bxc5 17. b4 Be7 18. a3 Rfd8 19. c4 a5 20. c5 Qa7 21.
Bc7 Rxd1+ 22. Rxd1 axb4 23. axb4 Rc8 24. Be5 Ne8 25. Ra1 Qxa1+ 26. Bxa1 1-0

[Event "Early-Titled-Tuesday-Blitz-March-12-2024"]
[Site "Chess.com"]
[Date "2024.03.12"]
[Round "1"]
[White "Sam_ChessMood"]
[Black "N18player"]
[Result "1-0"]
[WhiteElo "2956"]
[BlackElo "2531"]
[TimeControl "180+1"]
[EndTime "8:05:27 PDT"]
[Termination "Sam_ChessMood won by resignation"]

1. e4 c5 2. Nf3 d6 3. d4 cxd4 4. Nxd4 Nf6 5. Nc3 Nc6 6. Bg5 e6 7. Qd2 Be7 8. O-O-O a6 9. Kb1 Bd7 10. f3 b5 11. Nxc6 Bxc6 12. h4 b4 13. Ne2 a5 14. Nd4 Bd7 15. Nb5 d5 16. e5 Ng8 17.
Nd6+ Kf8 18. Bxe7+ Nxe7 19. Qf4 Be8 20. h5 Nc8 21. h6 g5 22. Qd4 Nxd6 23. exd6 f6 24. f4 Rg8 25. Bd3 Bg6 26. Bxg6 Rxg6 27. f5 exf5 28. Qxd5 Ra7 29. Rhe1 Rxh6 30. d7 Kg7 31. b3 a4 32. Qxf5 axb3 33. cxb3 Ra5 34. Re8 1-0

[Event "Early-Titled-Tuesday-Blitz-March-12-2024"]
[Site "Chess.com"]
[Date "2024.03.12"]
[Round "1"]
[White "aa175"]
[Black "toniv1"]
[Result "1-0"]
[WhiteElo "2712"]
[BlackElo "2339"]
[TimeControl "180+1"]
[EndTime "8:05:27 PDT"]
[Termination "aa175 won by resignation"]

1. d4 Nf6 2. Nf3 e6 3. Bf4 c5 4. e3 d5 5. Nbd2 Nc6 6. c3 Qb6 7. Qc2 cxd4 8. exd4 Bd7 9. Bd3 Rc8 10. Qb1 Be7 11. h4 h6 12. h5 Ng4 13. Bg3 Bf6 14. O-O O-O 15. Re1 Rfe8 16. Nb3 e5 17. Nc5 Be6 18.
Nxe6 fxe6 19. dxe5 Be7 20. Bh7+ Kh8 21. Qg6 Bc5 22.
Qxg4 Kxh7 23. b4 Bf8 24. Qg6+ Kh8 25. Re3 d4 26. cxd4 Nxd4 27. Nxd4 Qxd4 28. Rae1 Bxb4 29. R1e2 Bc5 30. Re4 Qd3 31. Bf4 Bf8 32. R2e3 Qd1+ 33. Kh2 Rc1 34. Qxe8 Qxh5+ 35. Qxh5 1-0

[Event "Early-Titled-Tuesday-Blitz-March-12-2024"]
[Site "Chess.com"]
[Date "2024.03.12"]
[Round "1"]
[White "Tash_Boy"]
[Black "GAO"]
[Result "1-0"]
[WhiteElo "2694"]
[BlackElo "2313"]
[TimeControl "180+1"]
[EndTime "8:05:30 PDT"]
[Termination "Tash_Boy won by resignation"]

1. e4 c5 2. Nf3 Nc6 3. d4 cxd4 4. Nxd4 g6 5. c4 Bg7 6. Be3 Qb6 7. Nb3 Qd8 8. Nc3 Bxc3+ 9. bxc3 Nf6 10. f3 O-O 11.
Be2 d6 12. O-O Be6 13. Nd4 a6 14. c5 d5 15. Nxe6 fxe6 16. Qb3 Qc7 17. Rab1 Rab8 18. Rfd1 Na5 19. Qb6 Qxb6 20. Rxb6 Nc6 21. Bxa6 bxa6 22. Rxc6 Rb2 23. Rxe6 dxe4 24. Rxe7 exf3 25. gxf3 Rxa2 26. c6 Rc2 27. c7 Rxc3 28. Rd8 a5 29. Bh6 Nd7 30.
Rexd7 Rxf3 1-0

[Event "Early-Titled-Tuesday-Blitz-March-12-2024"]
[Site "Chess.com"]
[Date "2024.03.12"]
[Round "1"]
[White "eagleclaw07"]
[Black "Al_Shima"]
[Result "1-0"]
[WhiteElo "2788"]
[BlackElo "2439"]
[TimeControl "180+1"]
[EndTime "8:05:31 PDT"]
[Termination "eagleclaw07 won by resignation"]

1. d4 Nf6 2. c4 e6 3. Nc3 d5 4. cxd5 Nxd5 5. e4 Nxc3 6. bxc3 c5 7. Nf3 cxd4 8. cxd4 Bb4+ 9. Bd2 Bxd2+ 10. Qxd2 O-O 11. Bd3 b6 12. O-O Bb7 13. Rad1 Nc6 14. Bb1 Rc8 15. h4 h6 16. d5 exd5 17. exd5 Na5 18. Qd3 f5 19. Rfe1 Nc4 20. Qb3 Bxd5 21. Ne5 Rc5 22. Nxc4 Rxc4 23. Re5 Rd4 24. Rxd5 Qxd5 25. Qxd5+ Rxd5 26. Rxd5 g6 27. h5 Kg7 1-0

[Event "Early-Titled-Tuesday-Blitz-March-12-2024"]
[Site "Chess.com"]
[Date "2024.03.12"]
[Round "1"]
[White "Mops_2004"]
[Black "Road2GM3000"]
[Result "0-1"]
[WhiteElo "2833"]
[BlackElo "2484"]
[TimeControl "180+1"]
[EndTime "8:05:32 PDT"]
[Termination "Road2GM3000 won by resignation"]

1. g3 d5 2. Nf3 Nf6 3. Bg2 c6 4. O-O Bg4 5. h3 Bxf3 6. Bxf3 e6 7. d3 Nbd7 8. Bg2 Be7 9. e4 O-O 10. Qe2 Ne8 11. Nc3 d4 12. Nd1 c5 13. e5 Rb8 14. a4 Nc7 15. f4 Nd5 16. f5 Qc7 17.
f6 gxf6 18. Bh6 f5 19. Bxd5 exd5 20. Rxf5 Kh8 21. Bxf8 Rxf8 22. Nf2 Rg8 23. Kh2 f6 24. Ng4 fxe5 25. Nxe5 Rg7 26. Nf7+ Kg8 27. Qxe7 Qxg3+ 0-1